Map: Blackburn LE

Players

Scarlett

  • Race: Zerg Zerg

TIME (Oliveira) - Winner!

  • Race: Terran Terran

Event: DreamHack SC2 Masters 2021 Fall

VOD

Have the link to the VOD?

Description

Time

  • Played on: Sept. 9, 2021, 9:52 a.m.
  • Length: 9:00

All games in this series

Show
View Real Time Build Order
Export as new Build Order

Scarlett Zerg 

Build Orders: Hatch First, Muta Ling Bane 

Get SALT Encoding   

  12  0:00  Drone  
  13  0:12  Overlord  
  13  0:17  Drone  
  14  0:31  Drone x2  
  16  0:47  Hatchery  
  15  0:51  Drone  
  15  0:54  Drone  
  17  0:58  Drone  
  18  1:08  Extractor  
  17  1:13  Spawning Pool  
  17  1:16  Drone  
  17  1:20  Drone  
  18  1:28  Drone  
  19  1:39  Drone  
  20  1:49  Drone  
  21  2:00  Queen x2  
  25  2:03  Zergling x4  
  27  2:13  Drone  
  27  2:15  Overlord  
  28  2:22  Hatchery  
  27  2:31  Drone  
  28  2:38  Metabolic Boost  
  28  2:39  Drone x3  
  31  2:45  Queen  
  31  2:50  Overlord  
  33  2:53  Drone  
  33  2:54  Drone  
  33  2:58  Drone  
  36  3:06  Overlord  
  36  3:11  Drone x4  
  40  3:17  Queen  
  41  3:23  Drone x2  
  43  3:28  Queen  
  43  3:32  Drone  
  46  3:36  Queen  
  46  3:38  Overlord  
  48  3:44  Drone  
  48  3:45  Drone x3  
  52  3:51  Zergling x4  
  54  3:56  Zergling x2  
  54  3:57  Drone x4  
  59  4:03  Overlord  
  59  4:08  Queen  
  59  4:09  Overlord  
  61  4:13  Drone x4  
  65  4:17  Overlord  
  65  4:22  Overlord x2  
  65  4:25  Zergling x4  
  65  4:27  Zergling x2  
  68  4:36  Drone x3  
  71  4:40  Drone x4  
  71  4:43  Queen  
  71  4:44  Queen  
  79  4:52  Zergling x4  
  81  4:57  Drone x5  
  86  5:00  Extractor  
  86  5:02  Baneling Nest  
  86  5:03  Drone x4  
  86  5:04  Lair  
  86  5:05  Extractor  
  86  5:06  Extractor  
  86  5:18  Drone  
  86  5:19  Spore Crawler, Drone  
  86  5:20  Drone x3  
  90  5:26  Overlord x3  
  90  5:27  Hatchery  
  89  5:29  Drone x4  
  89  5:32  Extractor  
  89  5:34  Extractor  
  91  5:39  Overlord  
  91  5:45  Evolution Chamber x2  
  91  5:46  Zergling x4  
  91  5:47  Zergling x2  
  91  5:59  Drone x3  
  91  6:00  Zergling x12  
  91  6:01  Zergling x6  
  103  6:08  Drone x2  
  103  6:10  Centrifical Hooks  
  105  6:16  Zerg Ground Armor Level 1, Zerg Melee Weapons Level 1  
  105  6:17  Drone x2  
  107  6:20  Drone  
  107  6:21  Drone x3  
  107  6:22  Drone  
  112  6:31  Zergling x10  
  107  6:47  Zergling x20  
  98  6:55  Drone x2, Zergling x2  
  98  7:01  Spire  
  97  7:11  Zergling x10  
  101  7:16  Hatchery  
  101  7:17  Drone  
  101  7:19  Drone x4  
  103  7:33  Pneumatized Carapace  
  103  7:34  Overseer  
  103  7:39  Zergling x12  
  103  7:40  Zergling x10  
  103  7:41  Baneling x9  
  103  7:42  Baneling x5  
  114  7:45  Zergling x6  
  115  7:53  Zergling x12  
  113  7:59  Zergling x6  
  101  8:13  Mutalisk x7  
  101  8:19  Mutalisk x3  
  110  8:25  Mutalisk x2  
  109  8:28  Zergling x6  
  109  8:31  Baneling x6  
  112  8:34  Zergling x6  
  109  8:41  Zergling x12  
  109  8:45  Drone  
Show
View Real Time Build Order
Export as new Build Order

TIME Terran - Winner!

Build Orders: Reaper Expand 

Get SALT Encoding   

  12  0:00  SCV  
  13  0:12  SCV  
  14  0:17  Supply Depot  
  14  0:24  SCV  
  15  0:39  SCV  
  15  0:40  Barracks  
  16  0:44  Refinery  
  16  0:51  SCV  
  17  1:03  SCV  
  18  1:15  SCV  
  19  1:27  Reaper, Orbital Command  
  20  1:40  Command Center  
  20  1:48  Supply Depot  
  21  1:54  SCV  
  21  1:59  Marine  
  22  2:06  SCV  
  23  2:11  Factory  
  23  2:18  SCV  
  23  2:21  Barracks Reactor  
  24  2:30  SCV  
  25  2:42  SCV  
  25  2:43  Command Center  
  26  2:53  Orbital Command  
  26  2:54  SCV  
  27  3:01  Starport  
  27  3:04  Refinery  
  27  3:07  SCV  
  28  3:15  Hellion x2  
  28  3:19  SCV  
  34  3:20  SCV  
  34  3:23  Barracks Tech Lab  
  34  3:31  SCV  
  34  3:33  SCV  
  36  3:36  Hellion  
  36  3:37  Hellion  
  36  3:40  Viking  
  42  3:44  SCV  
  42  3:45  SCV  
  44  3:49  Marine  
  44  3:54  Orbital Command  
  45  3:56  SCV  
  45  3:57  SCV  
  45  4:01  Hellion  
  49  4:04  Hellion  
  49  4:09  SCV x2  
  53  4:11  Supply Depot  
  53  4:14  Liberator  
  56  4:19  Marine  
  56  4:21  SCV x3  
  56  4:22  Stimpack  
  60  4:33  SCV, Supply Depot  
  60  4:34  SCV  
  60  4:37  Barracks  
  60  4:38  Marine  
  62  4:39  Barracks  
  62  4:41  SCV  
  62  4:43  Factory Reactor  
  64  4:46  SCV x2  
  64  4:47  Refinery  
  66  4:55  SCV  
  66  4:56  Marine  
  66  4:57  Supply Depot  
  66  4:58  Starport Reactor  
  68  5:03  SCV  
  68  5:04  SCV, Engineering Bay  
  68  5:05  Engineering Bay  
  70  5:10  SCV  
  70  5:12  Refinery  
  70  5:14  Marine  
  71  5:16  SCV  
  71  5:20  Supply Depot  
  73  5:22  SCV  
  73  5:27  Marine x2, Orbital Command  
  76  5:28  Factory Tech Lab  
  76  5:30  Terran Infantry Weapons Level 1, SCV  
  76  5:33  Barracks  
  76  5:34  SCV  
  76  5:35  Marine, Barracks  
  78  5:36  Marine, Medivac x2  
  78  5:41  Terran Infantry Armor Level 1  
  86  5:42  SCV  
  86  5:44  Supply Depot  
  86  5:45  Marine  
  86  5:46  SCV  
  86  5:49  Marine x2  
  89  5:53  Marine  
  89  5:55  Marine, SCV  
  89  5:56  SCV  
  93  6:04  Supply Depot  
  93  6:05  Marine, Combat Shield  
  93  6:06  Siege Tank, SCV  
  93  6:07  Marine, SCV  
  93  6:09  Marine  
  101  6:19  Supply Depot  
  101  6:22  Armory  
  101  6:23  Barracks Reactor x2  
  101  6:25  Marine x3, SCV x3  
  107  6:28  Supply Depot  
  107  6:30  Marine  
  108  6:33  Marine  
  107  6:41  Siege Tank, SCV  
  107  6:42  Medivac  
  107  6:43  Marine x3, SCV  
  117  6:53  Marine x2  
  109  6:54  SCV x2  
  109  6:56  Refinery  
  109  6:57  Command Center  
  109  6:58  Refinery  
  109  6:59  Marine  
  106  7:01  Marine  
  106  7:03  Marine x4  
  106  7:05  Medivac  
  106  7:07  SCV  
  114  7:09  SCV  
  114  7:11  Marine  
  114  7:13  Supply Depot  
  114  7:14  Marine, Supply Depot  
  117  7:19  Marine x2, Hellion  
  117  7:22  Marine x2  
  119  7:25  SCV x2  
  119  7:26  Marine  
  119  7:28  Factory  
  124  7:31  Marine  
  124  7:34  Marine x3  
  124  7:35  Medivac  
  124  7:36  Marine  
  131  7:37  Supply Depot  
  131  7:38  Marine, Supply Depot  
  132  7:45  Marine x2  
  132  7:48  Marine, Siege Tank  
  132  7:49  Marine  
  139  7:53  Marine  
  139  7:54  Marine x2  
  139  7:55  Marine, SCV  
  141  7:59  SCV x2  
  141  8:00  Supply Depot  
  141  8:01  Supply Depot  
  143  8:09  Marine  
  143  8:11  Marine x2  
  143  8:12  Marine x2  
  134  8:14  Marine  
  134  8:15  Marine x2  
  135  8:23  Marine  
  135  8:25  Siege Tank  
  135  8:26  Factory Reactor, SCV x2  
  134  8:27  Marine  
  134  8:29  Marine  
  134  8:30  Marine x2  
  138  8:37  Marine x3  
  140  8:43  Barracks x2  
  140  8:44  Barracks  
  142  8:54  Missile Turret x2  
  139  8:55  Missile Turret  
  139  8:57  Missile Turret  

Tags
 
Add a new tag
Caveats
  • Supply blocks, unpowered buildings, or Contaminate may cause inaccurate times.
  • Supply counts are checked every 10 seconds.